SR
ELLESMERE ISLAND SNOWPEOPLE @ CAPITAL HILL INTERNS
07/18/2033
 
TOP OF THE 1ST
Ellesmere Island Snowpeople batting - Pitching for Capital Hill Interns : LHP Ed Hammond
Pitching: LHP Ed Hammond
Batting: LHB Basava Puri 0-0: Called Strike
0-1: Ball
1-1: Called Strike
1-2: Ball
2-2: Strikes out swinging
Batting: RHB Magtanggol Florencio 0-0: Ball
1-0: Fly out, F4 (Line Drive, 4M)
Batting: RHB Omer van de Linde 0-0: Swinging Strike
0-1: Ground out 5-3 (Groundball, 56)
Top of the 1st over - 0 runs, 0 hits, 0 errors, 0 left on base; Ellesmere Island 0 - Capital Hill 0
BOTTOM OF THE 1ST
Capital Hill Interns batting - Pitching for Ellesmere Island Snowpeople : LHP Jian-gun Lin
Pitching: LHP Jian-gun Lin
Batting: RHB Charles Atkinson 0-0: Ball
1-0: Swinging Strike
1-1: Fly out, F3 (Popup, 3SF)
Batting: RHB Juan Echerearria 0-0: Ball
1-0: Swinging Strike
1-1: Ball
2-1: Foul Ball, location: 2F
2-2: Ground out 5-3 (Groundball, 56S)
Batting: RHB Chip Mullaney 0-0: Ball
1-0: Swinging Strike
1-1: Ball
2-1: Ball
3-1: Base on Balls
Batting: RHB Ken Pittman 0-0: Ball
Wild Pitch!
Chip Mullaney to second
1-0: Called Strike
1-1: Ball
2-1: Ball
3-1: Called Strike
3-2: Base on Balls
Batting: LHB Tom Washington 0-0: Ball
Balk!
Chip Mullaney to third
Ken Pittman to second
1-0: Called Strike
1-1: SINGLE (Groundball, 34D)
Chip Mullaney scores
Ken Pittman to third
Runner from 3rd tries for Home, SAFE, throw made home
Batting: RHB Ted Veals 0-0: Swinging Strike
0-1: Swinging Strike
0-2: Ball
1-2: Foul Ball, location: 2F
1-2: SINGLE (Line Drive, 78S)
Tom Washington to second
Batting: RHB John Fitzgerald 0-0: Fly out, F8 (Flyball, 8LD)
Bottom of the 1st over - 2 runs, 2 hits, 0 errors, 2 left on base; Ellesmere Island 0 - Capital Hill 2
TOP OF THE 2ND
Ellesmere Island Snowpeople batting - Pitching for Capital Hill Interns : LHP Ed Hammond
Batting: LHB Duncan Witteman 0-0: Called Strike
0-1: Swinging Strike
0-2: Ball
1-2: Strikes out swinging
Batting: RHB César Rivera 0-0: Ground out 3-1 (Groundball, 34S)
Batting: RHB Teok-kyu Pak 0-0: Ball
1-0: Ball
2-0: Ball
3-0: Called Strike
3-1: Ground out U3 (Groundball, 34S)
Top of the 2nd over - 0 runs, 0 hits, 0 errors, 0 left on base; Ellesmere Island 0 - Capital Hill 2
BOTTOM OF THE 2ND
Capital Hill Interns batting - Pitching for Ellesmere Island Snowpeople : LHP Jian-gun Lin
Batting: RHB Michael Ruscoe 0-0: Ball
1-0: Swinging Strike
1-1: Ball
2-1: Swinging Strike
2-2: SINGLE (Flyball, 9S)
Batting: RHB John Ellwanger 0-0: Foul Ball, location: 2F
0-1: Called Strike
0-2: Strikes out looking
Batting: RHB Charles Atkinson 0-0: Ball
1-0: Ball
2-0: Called Strike
2-1: Swinging Strike
2-2: Ball
3-2: Fielders Choice at 2nd, 1-6 (Groundball, P)
Batting: RHB Juan Echerearria 0-0: Called Strike
Passed Ball!
Charles Atkinson to second
0-1: Foul Ball, location: 2F
0-2: 2-RUN HOME RUN (Flyball, 7LD), Distance : 351 ft
Batting: RHB Chip Mullaney 0-0: Fly out, F7 (Flyball, 7S)
Bottom of the 2nd over - 2 runs, 2 hits, 0 errors, 0 left on base; Ellesmere Island 0 - Capital Hill 4
TOP OF THE 3RD
Ellesmere Island Snowpeople batting - Pitching for Capital Hill Interns : LHP Ed Hammond
Batting: RHB Riemer Kila 0-0: Fly out, F9 (Flyball, 9S)
Batting: RHB Hjalmar Bisseling 0-0: Ball
1-0: Swinging Strike
1-1: SINGLE (Line Drive, 9S)
Batting: RHB Enrique Flores 0-0: Called Strike
0-1: Foul Ball, location: 2F
0-2: Ball
1-2: Ball
Pickoff Throw to First - Out!
2-2: Strikes out swinging
Top of the 3rd over - 0 runs, 1 hit, 0 errors, 0 left on base; Ellesmere Island 0 - Capital Hill 4
BOTTOM OF THE 3RD
Capital Hill Interns batting - Pitching for Ellesmere Island Snowpeople : LHP Jian-gun Lin
Batting: RHB Ken Pittman 0-0: Called Strike
0-1: Foul Ball, location: 2F
0-2: Foul Ball, location: 2F
0-2: Ball
1-2: Ball
2-2: SINGLE (Groundball, 6MD)
Batting: LHB Tom Washington 0-0: Ball
1-0: Ball
2-0: Called Strike
2-1: Ball
3-1: Base on Balls
Ken Pittman to second
Batting: RHB Ted Veals 0-0: Ball
1-0: Ball
2-0: Ball
3-0: Called Strike
3-1: Called Strike
3-2: Foul Ball, location: 2F
3-2: Foul Ball, location: 2F
3-2: Ground out 5-3 (Groundball, 56S)
Ken Pittman to third
Tom Washington to second
Batting: RHB John Fitzgerald 0-0: Ball
1-0: Called Strike
1-1: Ball
2-1: Foul Ball, location: 2F
2-2: SINGLE (Groundball, 56D)
Ken Pittman scores
Tom Washington to third
Batting: RHB Michael Ruscoe 0-0: Fly out, F7 (Flyball, 7LMF)
Runner from 3rd tags up, SCORES, no throw
Batting: RHB John Ellwanger 0-0: Ball
1-0: Ball
2-0: Ball
3-0: Base on Balls
John Fitzgerald to second
Batting: RHB Charles Atkinson 0-0: Called Strike
0-1: Ball
1-1: Ground out 1-3 (Groundball, 13S)
Bottom of the 3rd over - 2 runs, 2 hits, 0 errors, 2 left on base; Ellesmere Island 0 - Capital Hill 6
TOP OF THE 4TH
Ellesmere Island Snowpeople batting - Pitching for Capital Hill Interns : LHP Ed Hammond
Batting: LHB Basava Puri 0-0: Ball
1-0: Ball
2-0: Called Strike
2-1: Foul Ball, location: 2F
2-2: Strikes out swinging
Batting: RHB Magtanggol Florencio 0-0: Ground out 6-3 (Groundball, 6M)
Batting: RHB Omer van de Linde 0-0: Ball
1-0: Called Strike
1-1: Called Strike
1-2: Strikes out looking
Top of the 4th over - 0 runs, 0 hits, 0 errors, 0 left on base; Ellesmere Island 0 - Capital Hill 6
BOTTOM OF THE 4TH
Capital Hill Interns batting - Pitching for Ellesmere Island Snowpeople : LHP Jian-gun Lin
Batting: RHB Juan Echerearria 0-0: Ball
1-0: Ball
2-0: Ball
3-0: Called Strike
3-1: Called Strike
3-2: Fly out, F4 (Line Drive, 4)
Pitching: RHP Yong-oon Cho
Batting: RHB Chip Mullaney 0-0: Called Strike
0-1: Foul Ball, location: 2F
0-2: DOUBLE (Flyball, 89D)
Batting: RHB Ken Pittman 0-0: Ball
1-0: Swinging Strike
1-1: Ball
2-1: Fly out, F7 (Flyball, 78M)
Batting: LHB Tom Washington 0-0: Foul Ball, location: 2F
0-1: Swinging Strike
0-2: Ball
1-2: Ball
2-2: Ball
3-2: Strikes out swinging
Bottom of the 4th over - 0 runs, 1 hit, 0 errors, 1 left on base; Ellesmere Island 0 - Capital Hill 6
TOP OF THE 5TH
Ellesmere Island Snowpeople batting - Pitching for Capital Hill Interns : LHP Ed Hammond
Batting: LHB Duncan Witteman 0-0: Called Strike
0-1: Swinging Strike
0-2: Ground out 4-3 (Groundball, 4)
Batting: RHB César Rivera 0-0: Ball
1-0: Called Strike
1-1: Called Strike
1-2: Strikes out swinging
Batting: RHB Teok-kyu Pak 0-0: Ball
1-0: Foul Ball, location: 2F
1-1: Foul Ball, location: 2F
1-2: Strikes out looking
Top of the 5th over - 0 runs, 0 hits, 0 errors, 0 left on base; Ellesmere Island 0 - Capital Hill 6
BOTTOM OF THE 5TH
Capital Hill Interns batting - Pitching for Ellesmere Island Snowpeople : RHP Yong-oon Cho
Batting: RHB Ted Veals 0-0: Called Strike
0-1: Ball
1-1: Called Strike
1-2: Foul Ball, location: 2F
1-2: SOLO HOME RUN (Flyball, 7D), Distance : 392 ft
Batting: RHB John Fitzgerald 0-0: Ball
1-0: Ball
2-0: Called Strike
2-1: Swinging Strike
2-2: Foul Ball, location: 2F
2-2: Ball
3-2: Ground out 6-3 (Groundball, 6)
Batting: RHB Michael Ruscoe 0-0: Foul Ball, location: 2F
0-1: Ball
1-1: DOUBLE (Line Drive, 78D)
Batting: RHB John Ellwanger 0-0: Called Strike
0-1: Ball
1-1: Fly out, F7 (Flyball, 7LS)
Batting: RHB Charles Atkinson 0-0: Ball
1-0: Called Strike
1-1: Swinging Strike
1-2: Strikes out swinging
Bottom of the 5th over - 1 run, 2 hits, 0 errors, 1 left on base; Ellesmere Island 0 - Capital Hill 7
TOP OF THE 6TH
Ellesmere Island Snowpeople batting - Pitching for Capital Hill Interns : LHP Ed Hammond
Batting: RHB Riemer Kila 0-0: Foul Ball, location: 2F
0-1: Ball
1-1: Called Strike
1-2: Strikes out swinging
Batting: RHB Hjalmar Bisseling 0-0: Ball
1-0: Fly out, F9 (Flyball, 89S)
Batting: RHB Enrique Flores 0-0: Ball
1-0: Ball
2-0: Ball
3-0: Base on Balls
Batting: LHB Basava Puri 0-0: Ball
Enrique Flores is caught stealing 2nd base
Top of the 6th over - 0 runs, 0 hits, 0 errors, 0 left on base; Ellesmere Island 0 - Capital Hill 7
BOTTOM OF THE 6TH
Capital Hill Interns batting - Pitching for Ellesmere Island Snowpeople : RHP Yong-oon Cho
Batting: RHB Juan Echerearria 0-0: SINGLE (Groundball, 56D)
Batting: RHB Chip Mullaney 0-0: Foul Ball, location: 2F
0-1: SINGLE (Groundball, 6MD)
Juan Echerearria to second
Runner from 2nd tries for 3rd, OUT!
Batting: RHB Ken Pittman 0-0: SINGLE (Flyball, 7S)
Chip Mullaney to second
Batting: LHB Tom Washington 0-0: Ball
1-0: Called Strike
1-1: Ball
2-1: Ball
3-1: Foul Ball, location: 2F
3-2: SINGLE (Groundball, 4MD)
Chip Mullaney to third
Ken Pittman to second
Runner from 3rd tries for Home, SAFE, throw made home
Batting: RHB Ted Veals 0-0: Ball
1-0: Ball
2-0: Swinging Strike
2-1: Swinging Strike
2-2: Strikes out swinging
Batting: RHB John Fitzgerald 0-0: Called Strike
0-1: Called Strike
0-2: Ball
1-2: Fly out, F7 (Flyball, 7D)
Bottom of the 6th over - 1 run, 4 hits, 0 errors, 2 left on base; Ellesmere Island 0 - Capital Hill 8
TOP OF THE 7TH
Ellesmere Island Snowpeople batting - Pitching for Capital Hill Interns : LHP Ed Hammond
Batting: LHB Basava Puri 0-0: Ball
1-0: Called Strike
1-1: Swinging Strike
1-2: Foul Ball, location: 2F
1-2: Strikes out looking
Batting: RHB Magtanggol Florencio 0-0: Foul Ball, location: 2F
0-1: Ground out U3 (Groundball, 3)
Batting: RHB Omer van de Linde 0-0: Ball
1-0: Ball
2-0: Called Strike
2-1: Called Strike
2-2: Fly out, F7 (Flyball, 7)
Top of the 7th over - 0 runs, 0 hits, 0 errors, 0 left on base; Ellesmere Island 0 - Capital Hill 8
BOTTOM OF THE 7TH
Capital Hill Interns batting - Pitching for Ellesmere Island Snowpeople : RHP Yong-oon Cho
Batting: RHB Michael Ruscoe 0-0: Swinging Strike
0-1: Ball
1-1: Foul Ball, location: 2F
1-2: Ball
2-2: Strikes out swinging
Batting: RHB John Ellwanger 0-0: Fly out, F7 (Flyball, 7)
Batting: RHB Charles Atkinson 0-0: Called Strike
0-1: Swinging Strike
0-2: Foul Ball, location: 2F
0-2: Ball
1-2: Ball
2-2: Strikes out swinging
Bottom of the 7th over - 0 runs, 0 hits, 0 errors, 0 left on base; Ellesmere Island 0 - Capital Hill 8
TOP OF THE 8TH
Ellesmere Island Snowpeople batting - Pitching for Capital Hill Interns : LHP Ed Hammond
Batting: LHB Duncan Witteman 0-0: Swinging Strike
0-1: SINGLE (Groundball, 6D)
Batting: RHB César Rivera 0-0: DOUBLE (Line Drive, 7LM)
Duncan Witteman to third
Batting: RHB Teok-kyu Pak 0-0: Ball
1-0: Called Strike
1-1: Fly out, F2 (Popup, 3SF)
Batting: RHB Riemer Kila 0-0: Called Strike
0-1: Called Strike
0-2: Foul Ball, location: 2F
0-2: Strikes out swinging
Batting: RHB Hjalmar Bisseling 0-0: SINGLE (Line Drive, 89S)
Duncan Witteman scores
César Rivera to third
Runner from 3rd tries for Home, SAFE, no throw
Batting: RHB Enrique Flores 0-0: Foul Ball, location: 2F
0-1: Ball
1-1: Foul Ball, location: 2F
1-2: Strikes out swinging
Top of the 8th over - 2 runs, 3 hits, 0 errors, 1 left on base; Ellesmere Island 2 - Capital Hill 8
BOTTOM OF THE 8TH
Capital Hill Interns batting - Pitching for Ellesmere Island Snowpeople : RHP Yong-oon Cho
Batting: RHB Juan Echerearria 0-0: DOUBLE (Line Drive, 8LD)
Pitching: RHP George Kipcak
Batting: RHB Chip Mullaney 0-0: Ball
1-0: Foul Ball, location: 2F
1-1: Fly out, F9 (Flyball, 9LS)
Batting: RHB Ken Pittman 0-0: Ball
1-0: Foul Ball, location: 2F
1-1: Swinging Strike
1-2: Ball
2-2: Ground out 6-3 (Groundball, 6)
Batting: LHB Tom Washington 0-0: Fly out, F7 (Flyball, 78S)
Bottom of the 8th over - 0 runs, 1 hit, 0 errors, 1 left on base; Ellesmere Island 2 - Capital Hill 8
TOP OF THE 9TH
Ellesmere Island Snowpeople batting - Pitching for Capital Hill Interns : LHP Ed Hammond
Now at 1B: Mark Boyle
Batting: LHB Basava Puri 0-0: Foul Ball, location: 2F
0-1: Ball
1-1: Swinging Strike
1-2: Foul Ball, location: 2F
1-2: Strikes out swinging
Batting: RHB Magtanggol Florencio 0-0: Called Strike
0-1: SINGLE (Line Drive, 89S)
Pitching: RHP Miguel Romero
Batting: RHB Omer van de Linde 0-0: Fly out, F8 (Flyball, 8LM)
Batting: LHB Duncan Witteman 0-0: Ball
1-0: Called Strike
1-1: Ball
2-1: Ball
3-1: Base on Balls
Magtanggol Florencio to second
Batting: RHB César Rivera 0-0: Called Strike
0-1: Called Strike
0-2: Ball
1-2: Fly out, F3 (Flyball, 3D)
Top of the 9th over - 0 runs, 1 hit, 0 errors, 2 left on base; Ellesmere Island 2 - Capital Hill 8
Saturday, December 22nd, 2018 - OOTP Baseball 18.8 Build 76